 Dungeon Crawl Stone Soup version 0.22-a0-558-gc224181 (webtiles) character file.

272 Hebeh the Chopper (level 6, 0/55 HPs)
             Began as a Minotaur Fighter on June 27, 2018.
             Slain by a sky beast (6 damage)
             ... on level 3 of the Dungeon.
             The game lasted 00:07:31 (2310 turns).

Hebeh the Chopper (Minotaur Fighter)                Turns: 2310, Time: 00:07:32

Health: 0/55       AC:  7    Str: 23    XL:     6   Next: 2%
Magic:  5/5        EV:  7    Int:  5    God:
Gold:   93         SH: 10    Dex:  9    Spells: 5/5 levels left

rFire    . . .     SeeInvis .   o - +2 war axe (elec)
rCold    . . .     Gourm    .   c - +0 shield
rNeg     . . .     Faith    .   b - +0 scale mail
rPois    .         Spirit   .   (helmet restricted)
rElec    .         Reflect  .   (no cloak)
rCorr    .         Harm     .   (no gloves)
MR       .....                  (no boots)
Stlth    ..........             (no amulet)
HPRegen  0.18/turn              (no ring)
MPRegen  0.09/turn              (no ring)

@: no status effects
A: retaliatory headbutt, horns 2
a: no special abilities


You were on level 3 of the Dungeon.
You were not hungry.

You visited 1 branch of the dungeon, and saw 3 of its levels.

You collected 93 gold pieces.

Inventory:

Hand Weapons
 a - a +0 war axe
 o - a +2 war axe of electrocution (weapon)
Armour
 b - a +0 scale mail (worn)
 c - a +0 shield (worn)
 s - a +0 troll leather armour {Purgy}
Jewellery
 q - an uncursed ring of ice {unknown}
Scrolls
 i - a scroll of teleportation
 j - 3 scrolls of remove curse
 t - a scroll of immolation {unknown}
 u - a scroll of identify {unknown}
Potions
 d - a potion of might
 e - 2 potions of cancellation {unknown}
 g - a potion of mutation {unknown}
 h - 2 potions of heal wounds {unknown}
 k - a potion of ambrosia {unknown}
 l - a potion of lignification {unknown}
 m - a potion of haste {unknown}
 n - a potion of resistance {unknown}
 p - 2 potions of curing {unknown}
Comestibles
 f - 7 rations
 r - 17 chunks of flesh


   Skills:
 + Level 4.8 Fighting
 * Level 5.1 Axes
 + Level 4.9 Armour
 + Level 4.8 Shields


You had 5 spell levels left.
You didn't know any spells.
Your spell library contained the following spells:

 Spells                   Type           Power        Failure   Level  Hunger
 Spider Form              Tmut/Pois      #.........   100%        3    ####...
 Blade Hands              Tmut           #.........   100%        5    ######.
 Ice Form                 Ice/Tmut       #.......     100%        4    #####..
 Sticks to Snakes         Tmut           #.......     100%        2    ###....
 Beastly Appendage        Tmut           #.....       99%         1    ##.....


Dungeon Overview and Level Annotations

Branches:
Dungeon (3/15)

Altars:
Makhleb
Yredelemnul


Innate Abilities, Weirdness & Mutations

You reflexively headbutt those who attack you in melee.
You have a pair of horns on your head.


Message History

No target in view!
No target in view!
No target in view!
No target in view!
You closely miss something. Your headbutt misses something. Something hits you.
Something shocks you. Something hits you but does no damage.
You closely miss something. Your headbutt misses something.
Something hits you but does no damage.
You miss something. Your headbutt misses something. Something hits you.
Something shocks you. Something hits you. Something shocks you.
* * * LOW HITPOINT WARNING * * *
You completely miss something. Something hits you but does no damage.
You hit something. Something hits you.
* * * LOW HITPOINT WARNING * * *
Something shocks you.
* * * LOW HITPOINT WARNING * * *
You miss something. Something hits you.
* * * LOW HITPOINT WARNING * * *
Something shocks you.
You die...

#......#..#
#...?.....
#........#
#........#
#........#
#.......#
#...{†..#
#.@.# #...#
##.?.#
#..>.# ...
#..#..# ..
#.##..#
#.## #.
#..## #
#..# ##
##..#####.#
#..#
#...#....#
#...


There were no monsters in sight!

Vanquished Creatures
  Purgy (D:3)
  An orc priest (D:3)
  Robin (D:2)
  3 adders (D:2)
  An ooze (D:2)
  An adder skeleton (D:2)
  2 worms (D:2)
  A dart slug (D:1)
  A leopard gecko (D:1)
  11 orcs (D:3)
  2 giant cockroaches (D:2)
  17 goblins
  6 hobgoblins
  2 jackals (D:1)
  7 kobolds
  A quokka (D:2)
  10 bats
  3 frilled lizards (D:2)
  8 rats
79 creatures vanquished.

Notes
Turn   | Place    | Note
-------+----------+-------------------------------------------
     0 | D:1      | Hebeh the Minotaur Fighter began the quest for the Orb.
     0 | D:1      | Reached XP level 1. HP: 19/19 MP: 0/0
   260 | D:1      | Reached XP level 2. HP: 27/27 MP: 1/1
   324 | D:1      | Reached skill level 3 in Axes
   753 | D:2      | Reached XP level 3. HP: 33/33 MP: 2/2
   771 | D:2      | Found a basalt altar of Yredelemnul.
  1207 | D:2      | Reached XP level 4. HP: 25/40 MP: 3/3
  1663 | D:2      | Found a burning altar of Makhleb.
  1663 | D:2      | Noticed an Executioner
  1666 | D:2      | Noticed a smoke demon
  1666 | D:2      | Noticed an orange demon
  1749 | D:2      | Noticed Robin
  1768 | D:2      | Reached skill level 4 in Axes
  1781 | D:2      | Killed Robin
  2171 | D:3      | Noticed Purgy
  2180 | D:3      | Killed Purgy
  2180 | D:3      | Reached XP level 5. HP: 42/47 MP: 4/4
  2229 | D:3      | Reached skill level 5 in Axes
  2235 | D:3      | Reached XP level 6. HP: 44/55 MP: 5/5
  2296 | D:3      | Noticed a sky beast
  2310 | D:3      | Slain by a sky beast

Vault maps used:
D:1:      dpeg_arrival_more_subterranean_lakeside_camping, bh_walls_and_bars
D:2:      kennysheep_six_static_rooms, old_standard_altar,
          makhleb_altar_promises_db, uniq_robin
D:3:      overflow_temple_1_default, grunt_decor_fettered,
          roderic_three_in_a_row, kennysheep_orc_chapel, uniq_purgy

Skill      XL: |  1  2  3  4  5 |
---------------+----------------+-----
Axes           | 3 4 5 |  5.1
Fighting       | 4 |  4.8
Shields        | 4 |  4.8
Armour         | 4 |  4.9

Action                   |  1- 3 |  4- 6 || total
-------------------------+-------+-------++-------
Melee: War axe           |   107 |    91 ||   198
       Headbutt          |     9 |     7 ||    16
  Use: Scroll            |       |     3 ||     3
  Eat: Chunk             |     1 |     4 ||     5
Armor: Scale mail        |    48 |    41 ||    89
Dodge: Dodged            |    33 |    34 ||    67
Block: Shield            |    72 |    55 ||   127

Table legend:
 A = Spawn XP
 B = Non-spawn XP
 C = Spawn XP percentage of total XP
 D = Spawn monster count
 E = Non-spawn monster count
 F = Spawn count percentage of total count
 G = Total turns spent on level
                    A         B        C        D         E        F      G
               +---------+---------+-------+---------+---------+-------+---------
         Total |       0 |     389 |   0.0 |       0 |      79 |   0.0 |  2310
               +---------+---------+-------+---------+---------+-------+---------
           D:1 |       0 |      40 |   0.0 |       0 |      22 |   0.0 |   726
           D:2 |       0 |     126 |   0.0 |       0 |      38 |   0.0 |  1445
           D:3 |       0 |     223 |   0.0 |       0 |      19 |   0.0 |   139
               +---------+---------+-------+---------+---------+-------+---------
